 Dungeon Crawl Stone Soup version 0.21-a0-414-gba8bdf1 (webtiles) character file.

86 Laiders the Digger (level 4, -2/24 HPs)
             Began as a Gargoyle Earth Elementalist on Nov 2, 2017.
             Slain by Terence
             ... wielding a +0 flail of protection
              (4 damage)
             ... on level 2 of the Dungeon.
             The game lasted 00:07:47 (1923 turns).

Laiders the Digger (Gargoyle Earth Elementalist)    Turns: 1923, Time: 00:07:47

Health: -2/24      AC:  6    Str: 15 (17) XL:     4   Next: 50%
Magic:  1/8        EV: 12    Int: 15 (16) God:
Gold:   20         SH:  0    Dex:  8 (10) Spells: 5/9 levels left

rFire    . . .     SeeInvis .   f - +1 whip
rCold    . . .     Gourm    .   (no shield)
rNeg     + . .     Faith    .   c - +0 robe
rPois    ∞         Spirit   .   j - +0 helmet
rElec    +         Reflect  .   (no cloak)
rCorr    .         Harm     .   (no gloves)
MR       .....                  (no boots)
Stlth    ++........             (no amulet)
HPRegen  0.08/turn              (no ring)
MPRegen  0.11/turn              (no ring)

@: mighty
A: negative energy resistance 1, electricity resistance, unbreathing,
petrification resistance, rot immunity, AC +3
a: no special abilities


You were on level 2 of the Dungeon.
You were hungry.

You visited 1 branch of the dungeon, and saw 2 of its levels.

You collected 20 gold pieces.

Inventory:

Hand Weapons
 f - a +1 whip (weapon)
Missiles
 b - 54 stones (quivered)
Armour
 c - a +0 robe (worn)
 j - a +0 helmet (worn)
Scrolls
 g - a scroll of fog {unknown}
 k - a scroll of remove curse
Potions
 i - a potion of curing
Books
 e - a book of Geomancy

   Spells                             Type                      Level
   a - Sandblast                      Earth                        1
   b - Passwall                       Transmutation/Earth          2
   c - Stone Arrow                    Conjuration/Earth            3
   d - Petrify                        Transmutation/Earth          4
   e - Lee's Rapid Deconstruction     Earth                        5
Comestibles
 a - 3 meat rations
 d - 2 bread rations


   Skills:
 - Level 1.5 Dodging
 - Level 2.1 Stealth
 + Level 3.2 Spellcasting
 + Level 0.7 Conjurations
   Level 0.7 Transmutations
 + Level 5.0 Earth Magic


You had 5 spell levels left.
You knew the following spells:

 Your Spells              Type           Power        Failure   Level  Hunger
a - Sandblast             Erth           ###...       2%          1    #......
b - Stone Arrow           Conj/Erth      ##....       19%         3    ###....


Dungeon Overview and Level Annotations

Branches:
Dungeon (2/15)

Altars:

Annotations:
D:2 Terence


Innate Abilities, Weirdness & Mutations

You are resistant to torment.
Your stone body is resilient. (AC +3)
You are immune to poison.
You resist negative energy. (rN+)
You are resistant to electric shocks. (rElec)
You can survive without breathing.
You are immune to petrification.
You are immune to rotting.


Message History

Okay, then.
Casting: Sandblast
Confirm with . or Enter, or press ? or * to list all spells.
Aiming: Sandblast
Press: ? - help, Shift-Dir - straight line, f/p - Terence
Aim: Terence, wielding a flail of protection and wearing a chain mail (moderately wounded)
The blast of sand hits Terence.
Terence is moderately wounded.
b - 55 stones Terence hits you with a flail of protection.
* * * LOW HITPOINT WARNING * * *
Casting: Sandblast
Confirm with . or Enter, or press ? or * to list all spells.
Aiming: Sandblast
Press: ? - help, Shift-Dir - straight line, f/p - Terence
Aim: Terence, wielding a flail of protection and wearing a chain mail (moderately wounded)
The blast of sand misses Terence.
b - 54 stones Terence hits you with a flail of protection.
You die...

#.###..(.............#..#
#......###.###.......#...
##########.###.......##).
#(#.##.....)....##
#.#.##.......##(#.
#######...##.......##.#.
#.......####.......##.##
#......@# ###########.#
#......@# #≈≈§≈§≈≈#.#.#
#.......# #§##.##§#.#.#
#.......###≈#.#.#≈#...#
#.......#.'..###§§#.#.##
#.........#≈#.#.#≈#.#...
#########.#≈##.##§######
#.......#≈≈≈≈≈≈§#.....
#.#####.##############
#.#...#[#.....# #.


You could see Terence.

Vanquished Creatures
  Robin (D:2)
  2 adders (D:2)
  11 bats
  3 giant cockroaches
  13 goblins
  9 hobgoblins
  5 kobolds
  A quokka (D:2)
  3 frilled lizards (D:1)
  4 rats
52 creatures vanquished.

Notes
Turn   | Place    | Note
-------+----------+-------------------------------------------
     0 | D:1      | Laiders the Gargoyle Earth Elementalist began the quest for the Orb.
     0 | D:1      | Reached XP level 1. HP: 10/10 MP: 3/3
   146 | D:1      | Reached XP level 2. HP: 15/15 MP: 0/5
   168 | D:1      | Reached skill level 4 in Earth Magic
   725 | D:1      | Reached XP level 3. HP: 19/19 MP: 4/6
   730 | D:1      | Learned a level 3 spell: Stone Arrow
  1138 | D:2      | Noticed Robin
  1289 | D:2      | Killed Robin
  1293 | D:2      | Reached XP level 4. HP: 13/24 MP: 0/8
  1841 | D:2      | Reached skill level 5 in Earth Magic
  1843 | D:2      | Noticed Terence
  1923 | D:2      | Slain by Terence

Vault maps used:
D:1:      minmay_arrival_wavy_path
D:2:      kennysheep_generic_room_9, uniq_robin, uniq_terence

Skill      XL: |  1  2  3  4 |
---------------+-------------+-----
Earth Magic    | 4 5 |  5.0
Spellcasting   | 3 |  3.2
Dodging        | |  1.5
Stealth        | |  2.1
Conjurations   | |  0.7
Transmutations | |  0.7

Action                   |  1- 3 |  4- 6 || total
-------------------------+-------+-------++-------
Melee: Whip              |    58 |    16 ||    74
 Cast: Sandblast         |    55 |    22 ||    77
       Stone Arrow       |       |     2 ||     2
  Use: Scroll            |     4 |       ||     4
       Potion            |       |     2 ||     2
  Eat: Chunk             |     1 |     2 ||     3
Armor: Robe              |    39 |    12 ||    51
Dodge: Dodged            |    76 |    17 ||    93

Table legend:
 A = Spawn XP
 B = Non-spawn XP
 C = Spawn XP percentage of total XP
 D = Spawn monster count
 E = Non-spawn monster count
 F = Spawn count percentage of total count
 G = Total turns spent on level
                    A         B        C        D         E        F      G
               +---------+---------+-------+---------+---------+-------+---------
         Total |       0 |     124 |   0.0 |       0 |      52 |   0.0 |  1923
               +---------+---------+-------+---------+---------+-------+---------
           D:1 |       0 |      39 |   0.0 |       0 |      23 |   0.0 |   964
           D:2 |       0 |      85 |   0.0 |       0 |      29 |   0.0 |   959
               +---------+---------+-------+---------+---------+-------+---------
